 Dungeon Crawl Stone Soup version 0.26-a0-665-gefeb406119 (webtiles) character file.

Game seed: 2292876833162622122

518 jasper the Gusty (level 7, -7/36 HPs)
             Began as a Tengu Air Elementalist on Oct 13, 2020.
             Mangled by an ice beast (14 damage)
             ... on level 5 of the Dungeon.
             The game lasted 00:08:09 (4554 turns).

jasper the Gusty (Tengu Air Elementalist)           Turns: 4554, Time: 00:08:10

Health: -7/36      AC:  2    Str:  8    XL:     7   Next: 21%
Magic:  3/11       EV: 13    Int: 17    God:
Gold:   262        SH:  0    Dex: 15    Spells: 3/10 levels left

rFire    + . .     SeeInvis +   z - +1 trident of Purpose {elec, rPois rF+ SInv} (curse)
rCold    . . .     Faith    .   (no shield)
rNeg     . . .     Spirit   .   a - +0 robe
rPois    +         Reflect  .   (helmet restricted)
rElec    .         Harm     .   (no cloak)
rCorr    .         Rampage  .   (no gloves)
MR       .....                  (boots unavailable)
Stlth    ++........             (no amulet)
HPRegen  0.12/turn              (no ring)
MPRegen  0.12/turn              (no ring)

@: very slightly contaminated
A: beak, talons 3, able to fly
a: Fly


You were on level 5 of the Dungeon.
You visited 1 branch of the dungeon, and saw 5 of its levels.

You collected 262 gold pieces.

Inventory:

Hand Weapons
 j - a +0 mace
 t - a +0 morningstar
 z - the cursed +1 trident of Purpose (weapon) {elec, rPois rF+ SInv}
   (You found it on level 4 of the Dungeon)

   Occasionally, upon striking a foe, it will discharge some electrical energy
   and cause terrible harm.
   It protects you from fire.
   It protects you from poison.
   It lets you see invisible.
   It has a curse placed upon it.
Missiles
 c - 15 poisoned darts (quivered)
 i - 6 javelins
 r - 17 boomerangs
Armour
 a - a +0 robe (worn)
 u - a +0 buckler
Jewellery
 p - an uncursed ring of resist corrosion {unknown}
Wands
 A - a wand of random effects (17)
Scrolls
 f - 4 scrolls of remove curse {unknown}
 g - 11 scrolls of identify {unknown}
 h - 2 scrolls of random uselessness {unknown}
 k - 4 scrolls of teleportation {unknown}
 s - a scroll of noise {unknown}
 v - 3 scrolls of fear {unknown}
 x - 2 scrolls of enchant armour {unknown}
 y - a scroll of amnesia {unknown}
Potions
 b - 8 potions of curing {unknown}
 d - a potion of degeneration {unknown}
 e - 2 potions of mutation {unknown}
 l - a potion of brilliance {unknown}
 m - 3 potions of haste {unknown}
 n - a potion of magic {unknown}
 o - 3 potions of lignification {unknown}
 q - a potion of flight {unknown}
 w - a potion of heal wounds {unknown}


   Skills:
 - Level 2.1 Dodging
 - Level 2.0 Stealth
 - Level 2.0 Spellcasting
 + Level 6.9 Conjurations
 + Level 7.9 Air Magic


You had 3 spell levels left.
You knew the following spells:

 Your Spells              Type           Power        Failure   Level
a - Shock                 Conj/Air       ####         1%          1
b - Swiftness             Air            ####....     1%          2
c - Airstrike             Air            ####......   8%          4

Your spell library contained the following spells:

 Spells                   Type           Power        Failure   Level
 Static Discharge         Conj/Air       ####....     2%          3
 Lightning Bolt           Conj/Air       ####......   26%         5


Dungeon Overview and Level Annotations

Branches:
Dungeon (5/15)
 Temple: D:4-7

Altars:
Elyvilon
Uskayaw

Shops:
D:4 (

Annotations:
D:3 1 runed translucent door, Crazy Yiuf


Innate Abilities, Weirdness & Mutations

You have a beak for a mouth.
You have claws for feet.
You can fly continuously.


Message History

The spell is quite dangerous to cast (8% risk of failure)!
Continue anyway?
Aiming: Airstrike (quite dangerous; 8% risk of failure)
Press: ? - help, Dir - move target cursor, f/p - ice beast
Aim: an ice beast (lightly wounded)
The air twists around and strikes the ice beast!
The ice beast is heavily wounded.
The ice beast closely misses you.
You now have 7/11 mp.
Casting: Airstrike (quite dangerous; 8% risk of failure)
Confirm with . or Enter, or press ? or * to list all spells.
The spell is quite dangerous to cast (8% risk of failure)!
Continue anyway?
Aiming: Airstrike (quite dangerous; 8% risk of failure)
Press: ? - help, Dir - move target cursor, f/p - ice beast
Aim: an ice beast (heavily wounded)
You miscast Airstrike.
You are very lightly contaminated with residual magic.
Nothing appears to happen.
The ice beast hits you.
* * * LOW HITPOINT WARNING * * *
The ice beast freezes you!
You die...

##############
#...........>#
#............#
#............#
#<...........#
#............#
##....####..##
###### #@.#
#.I.......
...........
._...........
...8....##.##.#
..._..#.# .# #
......... ..
......... ..


You could see an ice beast.

Vanquished Creatures
  2 ogres (D:4)
  A howler monkey (D:4)
  A centaur zombie (D:4)
  An orc priest (D:3)
  Ijyb (D:4)
  An orc wizard (D:3)
  7 adders
  An ufetubus (D:4)
  3 oozes
  5 worms
  4 dart slugs
  17 orcs (D:3)
  5 giant cockroaches
  6 goblins
  5 hobgoblins
  2 jackals (D:1)
  8 bats
  6 frilled lizards
  6 kobolds
  4 rats
86 creatures vanquished.

Notes
Turn   | Place    | Note
-------+----------+-------------------------------------------
     0 | D:1      | jasper the Tengu Air Elementalist began the quest for the
                  | Orb.
     0 | D:1      | Reached XP level 1. HP: 10/10 MP: 4/4
    35 | D:1      | Reached XP level 2. HP: 7/15 MP: 0/6
   553 | D:1      | Learned a level 2 spell: Swiftness
   652 | D:1      | Reached XP level 3. HP: 19/19 MP: 7/7
  1044 | D:2      | Reached skill level 5 in Air Magic
  1270 | D:2      | Reached XP level 4. HP: 24/24 MP: 4/8
  2406 | D:3      | Learned a level 4 spell: Airstrike
  2500 | D:3      | Gained mutation: You can fly continuously. [Tengu growth]
  2500 | D:3      | Reached XP level 5. HP: 28/28 MP: 6/9
  2522 | D:3      | Reached skill level 6 in Air Magic
  2823 | D:3      | Reached skill level 5 in Conjurations
  2978 | D:3      | Found a runed translucent door.
  2979 | D:3      | Noticed Crazy Yiuf
  3076 | D:3      | Reached XP level 6. HP: 28/32 MP: 8/10
  3670 | D:4      | Reached skill level 7 in Air Magic
  3801 | D:4      | Found Hufruss's Antique Weapon Shop.
  3831 | D:4      | Reached XP level 7. HP: 27/36 MP: 0/11
  4271 | D:4      | Got a twisted trident
  4272 | D:4      | Identified the cursed +1 trident of Purpose {elec, rPois
                  | rF+ SInv} (You found it on level 4 of the Dungeon)
  4349 | D:4      | Noticed Ijyb
  4354 | D:4      | Killed Ijyb
  4537 | D:5      | Entered Level 5 of the Dungeon
  4546 | D:5      | Found a white marble altar of Elyvilon.
  4547 | D:5      | Found a hide-covered altar of Uskayaw.
  4554 | D:5      | Mangled by an ice beast

Illustrated notes

Levels and vault maps discovered:
D:1:      minmay_arrival_plants_in_alcoves, layout_loops_ring, minmay_distorted
D:2:      layout_loops_ring
D:3:      layout_loops_ring, mrwooster_statue_mirror, uniq_crazy_yiuf_cottage
D:4:      layout_rooms, serial_shops, shop, uniq_ijyb
D:5:      layout_gridville, chequers_temple_overflow_statue_of_worship,
          gup_sewer_entry_bowl, hangedman_decor_riveting

Skill      XL: |  1  2  3  4  5  6 |
---------------+-------------------+-----
Conjurations   | 2 3 4 5 6 |  6.9
Air Magic      | 5 6 7 |  7.9
Dodging        | |  2.1
Stealth        | |  2.0
Spellcasting   | |  2.0

Action                   |  1- 3 |  4- 6 |  7- 9 || total
-------------------------+-------+-------+-------++-------
Melee: Unarmed           |     7 |     3 |       ||    10
       Kick              |     5 |     3 |     2 ||    10
       Peck              |       |     2 |       ||     2
       Mace              |       |    12 |       ||    12
       Morningstar       |       |    16 |     4 ||    20
       Trident           |       |       |    10 ||    10
Throw: Dart              |       |     4 |       ||     4
 Cast: Shock             |    51 |    99 |     3 ||   153
       Airstrike         |       |     3 |     6 ||     9
 Stab: Sleeping          |     1 |     2 |     1 ||     4
Armor: Robe              |     2 |    12 |     7 ||    21
Dodge: Dodged            |     7 |    26 |    16 ||    49

Table legend: (Time is in decaauts)
 A = Elapsed time spent in this place.
 B = Non-inter-level travel time spent in this place.
 C = Inter-level travel time spent in this place.
 D = Time resting spent in this place.
 E = Time spent auto-exploring this place.
 F = Levels seen in this place.
 G = Mean time per level.
                   A        B        C        D        E       F      G
               +--------+--------+--------+--------+--------+-----+--------+
         Total |   4569 |   4454 |    115 |    338 |   3617 |   5 |  913.8 |
       Dungeon |   4569 |   4454 |    115 |    338 |   3617 |   5 |  913.8 |
               +--------+--------+--------+--------+--------+-----+--------+

Top non-repeatable levels by time:
     D:2: 1340 daAuts
     D:3: 1135 daAuts
     D:4: 1038 daAuts
     D:1: 1037 daAuts
     D:5: 18 daAuts
